[ AOE2 MATCH · #485790291 ]
UnrankedHindustanis vs Saracens
[ REPLAY ANALYSIS · EXTRACTED FROM THE RECORDED GAME ]
Feudal
15:43
Castle
23:49
Imperial
—
| APM avg | 10.1 |
| APM peak | 28 |
| eAPM avg | 7.3 |
| Villagers / military | 67 / 7 |
Focus
⚔️ 8.9% · 🌾 91.1%
Ghulam ×5 · Monk ×1 · Scout Cavalry ×1
Feudal
17:06
Castle
—
Imperial
—
| APM avg | 11.7 |
| APM peak | 31 |
| eAPM avg | 10.1 |
| Villagers / military | 42 / 41 |
Focus
⚔️ 31.4% · 🌾 68.6%
Spearman ×28 · Militia ×13
Feudal
14:20
Castle
19:59
Imperial
—
| APM avg | 16.1 |
| APM peak | 50 |
| eAPM avg | 12.9 |
| Villagers / military | 127 / 3 |
Focus
⚔️ 10.0% · 🌾 90.0%
Battering Ram ×3 · Fishing Ship ×2
Feudal
14:32
Castle
21:43
Imperial
—
| APM avg | 17.1 |
| APM peak | 30 |
| eAPM avg | 11.4 |
| Villagers / military | 44 / 21 |
Focus
⚔️ 18.6% · 🌾 81.4%
Woad Raider ×10 · Spearman ×3 · Battering Ram ×3 · Archer ×2 · Skirmisher ×2 · Fishing Ship ×2
Feudal
17:47
Castle
—
Imperial
—
| APM avg | 16.7 |
| APM peak | 65 |
| eAPM avg | 8.7 |
| Villagers / military | 36 / 2 |
Focus
⚔️ 13.2% · 🌾 86.8%
Militia ×2
Feudal
10:45
Castle
21:20
Imperial
—
| APM avg | 13.1 |
| APM peak | 33 |
| eAPM avg | 9.9 |
| Villagers / military | 53 / 11 |
Focus
⚔️ 15.1% · 🌾 84.9%
Rattan Archer ×5 · Fishing Ship ×3 · Scout Cavalry ×3 · Battle Elephant ×3
Feudal
13:34
Castle
17:01
Imperial
—
| APM avg | 21.4 |
| APM peak | 59 |
| eAPM avg | 14.1 |
| Villagers / military | 121 / 4 |
Focus
⚔️ 5.4% · 🌾 94.6%
Monk ×2 · War Elephant ×2
Feudal
13:23
Castle
22:03
Imperial
—
| APM avg | 15.8 |
| APM peak | 37 |
| eAPM avg | 12.1 |
| Villagers / military | 62 / 37 |
Focus
⚔️ 15.9% · 🌾 84.1%
Woad Raider ×21 · Knight ×13 · Battering Ram ×3
Match map
Initial resources + every placement click. Lines = walls · curves = elevation contours. ◆ gold · ⬟ stone · ● berries · ✦ relic · ◌ wall gap
Your base· ✓ Closed at 23:49 · 9t walls · 1 gate(s)
Friedeggplant's base· ✓ Closed at 12:00 · 51t walls · 1 gate(s)
神鬼戰士's base· Open — opponent sealed themselves in
CONE's base· ✓ Closed at 21:43 · 47t walls · no gate
Mauroxtraceur's base· Open — opponent sealed themselves in
dafr1997's base· ✓ Closed at 21:20 · 0t walls · no gate
super's base· Open — opponent sealed themselves in
Luftwaffe's base· Open — opponent sealed themselves in
Smoothed initial terrain · ◌ = detected wall gap · hover for details
Inputs per minute
— Silver - - Friedeggplant
Build order — Silver
96 actions detected in the replay
| 0:04 | Create | Villager (Male) ×4 |
| 0:05 | Research | Loom |
| 0:10 | Build | House |
| 0:12 | Build | House |
| 0:13 | Build | House |
| 1:29 | Build | Palisade Wall |
| 1:54 | Create | Villager (Male) |
| 2:25 | Create | Villager (Male) |
| 3:34 | Build | Mill |
| 3:42 | Create | Villager (Male) |
| 4:52 | Create | Villager (Male) ×4 |
| 5:25 | Create | Villager (Male) ×2 |
| 6:01 | Build | Palisade Gate |
| 6:34 | Build | House |
| 7:08 | Create | Villager (Male) ×5 |
| 9:08 | Build | House |
| 9:17 | Build | House |
| 9:44 | Build | Mill |
| 11:03 | Create | Villager (Male) ×5 |
| 11:04 | Create | Villager (Male) ×3 |
| 11:52 | Build | House |
| 12:46 | Build | Lumber Camp |
| 13:13 | Research | Feudal Age |
| 13:22 | Build | Mining Camp |
| 14:46 | Build | Mill |
| 14:52 | Create | Villager (Male) ×5 |
| 15:10 | Build | House |
| 15:12 | Build | House |
| 15:43 | Age | Feudal Age |
| 15:51 | Research | Double-Bit Axe |
| 15:57 | Research | Horse Collar |
| 16:37 | Build | Lumber Camp |
| 16:51 | Research | Wheelbarrow |
| 17:42 | Build | Barracks |
| 18:18 | Build | Blacksmith |
| 18:27 | Create | Villager (Male) ×5 |
| 19:03 | Build | Stable |
| 19:17 | Build | Mill |
| 20:38 | Research | Castle Age |
| 20:51 | Build | Mining Camp |
| 21:08 | Build | House |
| 21:10 | Build | House |
| 21:12 | Build | House |
| 21:14 | Build | House |
| 21:15 | Build | House |
| 21:28 | Build | Mining Camp |
| 21:31 | Create | Villager (Male) ×5 |
| 21:33 | Create | Villager (Male) ×5 |
| 21:33 | Create | Villager (Male) |
| 22:23 | Research | Stone Mining |
| 22:27 | Research | Gold Mining |
| 22:44 | Build | Mining Camp |
| 23:49 | Age | Castle Age |
| 23:54 | Build | Town Center |
| 24:14 | Build | Town Center |
| 24:18 | Research | Stone Shaft Mining |
| 24:25 | Build | House |
| 24:27 | Build | House |
| 24:28 | Build | House |
| 24:29 | Build | House |
| 24:35 | Build | Monastery |
| 24:43 | Build | University |
| 24:56 | Create | Villager (Male) ×5 |
| 24:57 | Create | Villager (Male) ×4 |
| 24:57 | Create | Villager (Male) ×4 |
| 25:10 | Build | Farm |
| 25:12 | Build | Farm |
| 25:13 | Build | Farm |
| 25:22 | Build | Farm |
| 25:24 | Build | Farm |
| 25:25 | Build | Farm |
| 25:27 | Build | Farm |
| 25:28 | Build | Farm |
| 25:30 | Build | Farm |
| 25:32 | Build | Farm |
| 25:34 | Build | Farm |
| 25:35 | Build | Farm |
| 26:23 | Build | Farm |
| 26:24 | Build | Farm |
| 26:27 | Build | Farm |
| 26:28 | Build | Farm |
| 26:30 | Build | Farm |
| 26:49 | Build | Castle |
| 27:05 | Create | Villager (Male) ×2 |
| 27:19 | Create | Monk |
| 27:33 | Create | Scout Cavalry |
| 27:55 | Research | Bow Saw |
| 28:02 | Build | Farm |
| 28:08 | Build | Farm |
| 28:12 | Build | Farm |
| 28:13 | Build | Farm |
| 28:26 | Create | Villager (Male) |
| 28:27 | Create | Villager (Male) |
| 28:34 | Create | Villager (Male) ×3 |
| 28:43 | Build | Farm |
| 29:29 | Create | Ghulam ×5 |
Build order — Friedeggplant
First 150 of 151 actions detected
| 0:10 | Research | Loom |
| 0:10 | Create | Villager (Male) |
| 0:10 | Create | Villager (Male) |
| 0:10 | Create | Villager (Male) |
| 0:11 | Create | Villager (Male) |
| 0:25 | Build | House |
| 0:25 | Build | House |
| 2:35 | Create | Villager (Male) |
| 3:08 | Build | Palisade Wall |
| 3:26 | Build | Palisade Wall |
| 4:08 | Build | Palisade Wall |
| 5:31 | Create | Villager (Male) |
| 5:31 | Create | Villager (Male) |
| 5:31 | Create | Villager (Male) |
| 5:32 | Create | Villager (Male) |
| 5:32 | Create | Villager (Male) |
| 5:45 | Build | Palisade Wall |
| 5:48 | Build | Palisade Wall |
| 5:56 | Build | Palisade Wall |
| 6:19 | Create | Villager (Male) |
| 6:44 | Build | Palisade Wall |
| 7:16 | Build | Palisade Wall |
| 7:18 | Build | Palisade Wall |
| 7:21 | Build | Palisade Wall |
| 7:23 | Build | Palisade Wall |
| 7:25 | Build | Palisade Wall |
| 8:29 | Create | Villager (Male) |
| 8:29 | Create | Villager (Male) |
| 9:18 | Build | Lumber Camp |
| 9:41 | Create | Villager (Male) |
| 10:45 | Build | House |
| 10:45 | Build | House |
| 10:46 | Build | House |
| 10:47 | Build | House |
| 11:08 | Create | Villager (Male) |
| 11:08 | Create | Villager (Male) |
| 11:08 | Create | Villager (Male) |
| 11:09 | Create | Villager (Male) |
| 11:09 | Create | Villager (Male) |
| 11:09 | Create | Villager (Male) |
| 11:10 | Create | Villager (Male) |
| 11:30 | Build | Palisade Gate |
| 13:00 | Build | Mill |
| 13:20 | Build | Lumber Camp |
| 14:36 | Research | Feudal Age |
| 15:20 | Build | House |
| 15:21 | Build | House |
| 15:22 | Build | House |
| 15:24 | Build | House |
| 15:25 | Build | House |
| 15:26 | Build | House |
| 15:27 | Build | House |
| 16:24 | Build | Barracks |
| 16:48 | Build | Barracks |
| 17:06 | Age | Feudal Age |
| 17:18 | Research | Double-Bit Axe |
| 17:20 | Research | Horse Collar |
| 17:22 | Research | Wheelbarrow |
| 17:23 | Research | Town Watch |
| 17:57 | Research | Man-at-Arms (upgrade) |
| 18:01 | Create | Spearman |
| 18:01 | Create | Spearman |
| 18:01 | Create | Spearman |
| 18:40 | Build | Market |
| 18:55 | Create | Villager (Male) |
| 19:31 | Build | Blacksmith |
| 20:04 | Build | Farm |
| 20:06 | Build | Farm |
| 20:07 | Build | Farm |
| 20:09 | Build | Farm |
| 20:14 | Build | Farm |
| 20:39 | Build | Watch Tower |
| 21:04 | Build | Farm |
| 21:13 | Build | Farm |
| 21:14 | Build | Farm |
| 21:16 | Build | Farm |
| 21:21 | Create | Villager (Male) |
| 21:21 | Create | Villager (Male) |
| 21:22 | Create | Villager (Male) |
| 21:22 | Create | Villager (Male) |
| 21:22 | Create | Villager (Male) |
| 22:43 | Create | Spearman |
| 22:43 | Create | Spearman |
| 22:43 | Create | Spearman |
| 23:24 | Create | Villager (Male) |
| 23:25 | Create | Villager (Male) |
| 23:25 | Create | Villager (Male) |
| 23:25 | Create | Villager (Male) |
| 23:25 | Create | Villager (Male) |
| 23:26 | Create | Villager (Male) |
| 23:26 | Create | Villager (Male) |
| 23:26 | Create | Villager (Male) |
| 23:26 | Create | Villager (Male) |
| 23:34 | Build | Farm |
| 23:35 | Build | Farm |
| 23:45 | Build | Farm |
| 23:47 | Build | Farm |
| 23:49 | Build | Farm |
| 23:51 | Build | Farm |
| 23:52 | Build | Farm |
| 23:55 | Build | Farm |
| 24:24 | Create | Villager (Male) |
| 24:24 | Create | Villager (Male) |
| 24:24 | Create | Villager (Male) |
| 24:25 | Create | Villager (Male) |
| 24:25 | Create | Villager (Male) |
| 24:31 | Build | Mining Camp |
| 24:37 | Create | Villager (Male) |
| 25:28 | Research | Gold Mining |
| 25:31 | Research | Stone Mining |
| 25:38 | Build | Mining Camp |
| 25:54 | Create | Spearman |
| 25:54 | Create | Spearman |
| 25:54 | Create | Militia |
| 25:55 | Create | Militia |
| 25:55 | Create | Militia |
| 25:55 | Create | Militia |
| 25:56 | Create | Spearman |
| 26:04 | Build | Barracks |
| 26:35 | Build | Barracks |
| 27:08 | Research | Forging |
| 27:08 | Research | Scale Mail Armor |
| 27:26 | Create | Spearman |
| 27:26 | Create | Spearman |
| 27:27 | Create | Militia |
| 27:27 | Create | Militia |
| 27:27 | Create | Militia |
| 27:28 | Create | Militia |
| 27:28 | Create | Militia |
| 27:28 | Create | Militia |
| 27:28 | Create | Militia |
| 27:54 | Create | Spearman |
| 27:54 | Create | Spearman |
| 27:54 | Create | Spearman |
| 27:54 | Create | Spearman |
| 27:55 | Create | Spearman |
| 27:55 | Create | Spearman |
| 27:55 | Create | Spearman |
| 27:55 | Create | Spearman |
| 28:30 | Create | Spearman |
| 28:31 | Create | Spearman |
| 28:31 | Create | Spearman |
| 28:31 | Create | Spearman |
| 28:32 | Create | Spearman |
| 28:32 | Create | Militia |
| 28:33 | Create | Militia |
| 28:43 | Build | Barracks |
| 28:52 | Create | Spearman |
| 28:53 | Create | Spearman |
| 28:53 | Create | Spearman |
Build order — 神鬼戰士
First 150 of 196 actions detected
| 0:03 | Research | Loom |
| 0:03 | Create | Villager (Male) |
| 0:04 | Create | Villager (Male) |
| 0:04 | Create | Villager (Male) ×3 |
| 0:04 | Create | Villager (Male) ×2 |
| 0:10 | Build | House |
| 0:10 | Build | House |
| 0:11 | Build | House |
| 0:11 | Build | House |
| 1:32 | Create | Villager (Male) |
| 1:33 | Create | Villager (Male) |
| 2:36 | Create | Villager (Male) |
| 2:36 | Create | Villager (Male) |
| 2:49 | Create | Villager (Male) |
| 2:50 | Create | Villager (Male) |
| 3:44 | Create | Villager (Male) |
| 3:44 | Create | Villager (Male) |
| 4:15 | Create | Villager (Male) |
| 4:15 | Create | Villager (Male) |
| 4:15 | Create | Villager (Male) |
| 4:24 | Build | Lumber Camp |
| 4:30 | Create | Villager (Male) |
| 4:31 | Create | Villager (Male) ×2 |
| 5:07 | Create | Villager (Male) |
| 5:07 | Create | Villager (Male) |
| 6:09 | Create | Villager (Male) |
| 6:09 | Create | Villager (Male) |
| 6:09 | Create | Villager (Male) ×3 |
| 6:09 | Create | Villager (Male) ×2 |
| 6:36 | Create | Villager (Male) |
| 6:36 | Create | Villager (Male) |
| 6:53 | Build | Dock |
| 6:58 | Build | House |
| 6:59 | Build | House |
| 7:06 | Create | Villager (Male) |
| 7:07 | Create | Villager (Male) |
| 7:28 | Create | Villager (Male) |
| 7:28 | Create | Villager (Male) |
| 7:43 | Create | Villager (Male) |
| 7:44 | Create | Villager (Male) |
| 7:53 | Create | Fishing Ship |
| 7:53 | Create | Fishing Ship |
| 8:23 | Build | House |
| 8:38 | Build | Palisade Wall |
| 8:47 | Build | Mill |
| 8:54 | Create | Villager (Male) |
| 8:54 | Create | Villager (Male) |
| 8:54 | Create | Villager (Male) ×4 |
| 8:54 | Create | Villager (Male) ×4 |
| 9:36 | Build | Palisade Wall |
| 11:10 | Build | Palisade Wall |
| 11:19 | Build | Mining Camp |
| 12:07 | Research | Feudal Age |
| 12:08 | Research | Feudal Age |
| 12:20 | Build | Mining Camp |
| 12:29 | Build | Mill |
| 14:05 | Build | House |
| 14:05 | Build | House |
| 14:06 | Build | House |
| 14:06 | Build | House |
| 14:07 | Build | House |
| 14:08 | Build | House |
| 14:08 | Build | House |
| 14:09 | Build | House |
| 14:20 | Age | Feudal Age |
| 14:23 | Research | Wheelbarrow |
| 14:23 | Research | Town Watch |
| 14:27 | Research | Double-Bit Axe |
| 14:28 | Research | Double-Bit Axe |
| 14:31 | Research | Horse Collar |
| 14:37 | Build | Stone Wall |
| 14:40 | Build | Gate |
| 14:50 | Build | Market |
| 15:05 | Build | Blacksmith |
| 17:14 | Build | Stone Wall |
| 17:19 | Research | Castle Age |
| 17:19 | Research | Castle Age |
| 17:33 | Build | Farm |
| 17:33 | Build | Farm |
| 17:34 | Build | Farm |
| 17:34 | Build | Farm |
| 17:34 | Build | Farm |
| 17:34 | Build | Farm |
| 17:52 | Build | Farm |
| 17:53 | Build | Farm |
| 17:53 | Build | Farm |
| 17:53 | Build | Farm |
| 17:53 | Build | Farm |
| 18:15 | Build | Stone Wall |
| 18:36 | Research | Stone Mining |
| 18:36 | Research | Stone Mining |
| 18:54 | Build | Stone Wall |
| 19:08 | Research | Fletching |
| 19:09 | Research | Fletching |
| 19:09 | Research | Fletching |
| 19:24 | Build | House |
| 19:25 | Build | House |
| 19:27 | Build | House |
| 19:59 | Age | Castle Age |
| 20:10 | Create | Villager (Male) |
| 20:10 | Create | Villager (Male) |
| 20:11 | Create | Villager (Male) |
| 20:35 | Research | Bodkin Arrow |
| 20:35 | Research | Bodkin Arrow |
| 20:41 | Create | Villager (Male) |
| 20:42 | Create | Villager (Male) |
| 20:54 | Build | Town Center |
| 21:03 | Create | Villager (Male) |
| 21:03 | Create | Villager (Male) |
| 21:35 | Build | Stone Wall |
| 21:48 | Create | Villager (Male) |
| 21:48 | Create | Villager (Male) |
| 22:15 | Build | Castle |
| 22:40 | Research | Hand Cart |
| 22:54 | Create | Villager (Male) |
| 22:54 | Create | Villager (Male) |
| 23:26 | Create | Villager (Male) |
| 23:26 | Create | Villager (Male) |
| 23:27 | Create | Villager (Male) |
| 23:42 | Build | Town Center |
| 24:11 | Build | University |
| 24:14 | Build | House |
| 24:15 | Build | House |
| 24:15 | Build | House |
| 24:15 | Build | House |
| 24:19 | Create | Villager (Male) |
| 24:19 | Create | Villager (Male) |
| 24:20 | Create | Villager (Male) ×3 |
| 24:20 | Create | Villager (Male) ×2 |
| 24:20 | Create | Villager (Male) ×2 |
| 25:00 | Create | Villager (Male) |
| 25:01 | Create | Villager (Male) |
| 25:01 | Create | Villager (Male) |
| 25:01 | Create | Villager (Male) ×2 |
| 25:01 | Create | Villager (Male) |
| 25:08 | Build | Farm |
| 25:08 | Build | Farm |
| 25:09 | Build | Farm |
| 25:09 | Build | Farm |
| 25:09 | Build | Farm |
| 25:26 | Build | Town Center |
| 25:45 | Create | Villager (Male) |
| 25:45 | Create | Villager (Male) |
| 25:45 | Create | Villager (Male) |
| 25:46 | Create | Villager (Male) |
| 25:58 | Build | Farm |
| 25:58 | Build | Farm |
| 25:58 | Build | Farm |
| 25:59 | Build | Farm |
| 25:59 | Build | Farm |
Build order — CONE
125 actions detected in the replay
| 0:13 | Create | Villager (Male) |
| 0:13 | Create | Villager (Male) |
| 0:13 | Create | Villager (Male) |
| 0:14 | Create | Villager (Male) |
| 0:18 | Build | House |
| 0:21 | Build | House |
| 0:47 | Research | Loom |
| 0:48 | Create | Villager (Male) |
| 0:48 | Create | Villager (Male) |
| 0:48 | Create | Villager (Male) |
| 1:24 | Build | Palisade Wall |
| 2:15 | Build | Palisade Wall |
| 2:18 | Create | Villager (Male) |
| 3:05 | Build | Palisade Wall |
| 3:13 | Create | Villager (Male) |
| 3:13 | Create | Villager (Male) |
| 3:13 | Create | Villager (Male) |
| 3:40 | Create | Villager (Male) |
| 4:10 | Create | Villager (Male) |
| 4:16 | Create | Villager (Male) |
| 5:00 | Create | Villager (Male) |
| 5:00 | Create | Villager (Male) |
| 5:48 | Build | House |
| 6:31 | Build | Palisade Wall |
| 6:33 | Create | Villager (Male) |
| 6:33 | Create | Villager (Male) |
| 6:43 | Build | Lumber Camp |
| 7:01 | Build | House |
| 7:49 | Create | Villager (Male) |
| 7:49 | Create | Villager (Male) |
| 8:06 | Build | Dock |
| 8:15 | Build | Mill |
| 8:25 | Build | Palisade Wall |
| 8:44 | Create | Villager (Male) |
| 8:44 | Create | Villager (Male) |
| 9:07 | Create | Villager (Male) |
| 9:33 | Create | Fishing Ship |
| 9:33 | Create | Fishing Ship |
| 9:48 | Build | Palisade Wall |
| 9:55 | Create | Villager (Male) |
| 10:10 | Build | Mill |
| 10:17 | Build | House |
| 10:41 | Create | Villager (Male) |
| 10:42 | Create | Villager (Male) |
| 10:55 | Build | Mining Camp |
| 11:08 | Create | Villager (Male) |
| 11:15 | Build | House |
| 11:23 | Build | Farm |
| 11:26 | Build | Farm |
| 11:52 | Build | Farm |
| 11:56 | Create | Villager (Male) |
| 11:58 | Build | Farm |
| 12:08 | Build | Palisade Wall |
| 12:22 | Research | Feudal Age |
| 12:53 | Build | Barracks |
| 13:16 | Build | Farm |
| 13:51 | Build | House |
| 13:52 | Build | House |
| 14:13 | Build | House |
| 14:32 | Age | Feudal Age |
| 14:33 | Create | Villager (Male) |
| 14:41 | Build | Archery Range |
| 15:10 | Build | Mining Camp |
| 15:18 | Create | Archer |
| 15:18 | Create | Archer |
| 15:20 | Create | Villager (Male) |
| 15:51 | Create | Villager (Male) |
| 16:05 | Research | Stone Mining |
| 16:11 | Create | Villager (Male) |
| 16:56 | Create | Villager (Male) |
| 16:57 | Create | Villager (Male) |
| 17:11 | Build | Blacksmith |
| 17:14 | Create | Villager (Male) |
| 17:49 | Build | Farm |
| 18:38 | Create | Villager (Male) |
| 18:59 | Research | Castle Age |
| 19:06 | Create | Spearman |
| 19:39 | Research | Gold Mining |
| 19:45 | Research | Fletching |
| 20:13 | Create | Spearman |
| 20:14 | Create | Spearman |
| 20:21 | Build | Fish Trap |
| 20:22 | Build | Fish Trap |
| 20:36 | Research | Horse Collar |
| 20:56 | Create | Skirmisher |
| 20:56 | Create | Skirmisher |
| 21:05 | Research | Forging |
| 21:43 | Age | Castle Age |
| 21:49 | Build | Castle |
| 21:53 | Create | Villager (Male) |
| 21:54 | Create | Villager (Male) |
| 22:05 | Build | Town Center |
| 22:11 | Research | Wheelbarrow |
| 23:28 | Build | Siege Workshop |
| 23:36 | Create | Villager (Male) |
| 23:37 | Create | Villager (Male) |
| 23:56 | Build | Town Center |
| 24:02 | Research | Double-Bit Axe |
| 24:06 | Create | Villager (Male) |
| 24:08 | Create | Woad Raider |
| 24:08 | Create | Woad Raider |
| 24:11 | Create | Battering Ram |
| 24:38 | Create | Woad Raider |
| 24:38 | Create | Woad Raider |
| 24:55 | Build | Farm |
| 24:56 | Build | Farm |
| 24:57 | Build | Farm |
| 24:58 | Build | Farm |
| 25:08 | Create | Woad Raider |
| 25:15 | Create | Woad Raider |
| 25:15 | Create | Woad Raider |
| 25:27 | Create | Battering Ram |
| 25:41 | Create | Villager (Male) |
| 25:48 | Create | Villager (Male) |
| 25:53 | Create | Woad Raider |
| 26:20 | Build | Farm |
| 26:21 | Build | Farm |
| 26:22 | Build | Farm |
| 26:25 | Build | Farm |
| 26:27 | Build | Farm |
| 26:29 | Create | Villager (Male) |
| 26:33 | Create | Woad Raider |
| 26:33 | Create | Woad Raider |
| 26:36 | Create | Battering Ram |
| 27:03 | Create | Petard |
Build order — Mauroxtraceur
87 actions detected in the replay
| 0:37 | Build | House |
| 0:38 | Build | House |
| 0:44 | Build | House |
| 0:49 | Create | Villager (Male) |
| 0:50 | Create | Villager (Male) |
| 0:50 | Create | Villager (Male) |
| 0:50 | Create | Villager (Male) |
| 0:51 | Research | Loom |
| 0:51 | Research | Loom |
| 1:09 | Research | Loom |
| 1:10 | Create | Villager (Male) |
| 3:04 | Build | Palisade Wall |
| 3:23 | Create | Villager (Male) |
| 3:23 | Create | Villager (Male) |
| 3:23 | Create | Villager (Male) |
| 3:24 | Create | Villager (Male) |
| 4:01 | Build | Lumber Camp |
| 4:50 | Create | Villager (Male) |
| 4:51 | Create | Villager (Male) |
| 5:35 | Create | Villager (Male) |
| 6:24 | Create | Villager (Male) |
| 6:24 | Create | Villager (Male) |
| 7:04 | Build | Palisade Wall |
| 7:50 | Build | Outpost |
| 8:12 | Build | Palisade Wall |
| 8:48 | Build | Palisade Wall |
| 9:20 | Create | Villager (Male) |
| 10:08 | Create | Villager (Male) |
| 10:08 | Create | Villager (Male) |
| 10:09 | Create | Villager (Male) |
| 10:09 | Create | Villager (Male) |
| 10:09 | Create | Villager (Male) |
| 10:09 | Create | Villager (Male) |
| 13:03 | Build | Lumber Camp |
| 13:08 | Create | Villager (Male) |
| 13:08 | Create | Villager (Male) |
| 13:09 | Create | Villager (Male) |
| 14:08 | Build | Barracks |
| 14:38 | Create | Villager (Male) |
| 14:38 | Create | Villager (Male) |
| 14:47 | Build | House |
| 14:47 | Build | House |
| 14:48 | Build | House |
| 14:48 | Build | House |
| 14:49 | Build | House |
| 14:49 | Build | House |
| 14:50 | Build | House |
| 14:51 | Build | House |
| 14:52 | Build | House |
| 15:30 | Build | Mining Camp |
| 15:34 | Research | Feudal Age |
| 17:47 | Age | Feudal Age |
| 19:03 | Build | Mill |
| 19:21 | Create | Villager (Male) |
| 19:21 | Create | Villager (Male) |
| 19:22 | Create | Villager (Male) |
| 19:53 | Build | Farm |
| 20:24 | Build | Farm |
| 20:39 | Build | Farm |
| 20:48 | Create | Villager (Male) |
| 21:31 | Create | Villager (Male) |
| 22:01 | Build | Farm |
| 22:04 | Build | Farm |
| 22:06 | Build | Farm |
| 22:08 | Build | Farm |
| 22:10 | Build | Farm |
| 22:12 | Build | Farm |
| 22:14 | Build | Farm |
| 22:16 | Build | Farm |
| 22:18 | Build | Farm |
| 22:23 | Build | Farm |
| 22:25 | Build | Farm |
| 22:28 | Build | Farm |
| 22:40 | Create | Villager (Male) |
| 22:40 | Create | Villager (Male) |
| 22:41 | Create | Villager (Male) |
| 22:42 | Create | Villager (Male) |
| 22:42 | Create | Villager (Male) |
| 22:52 | Research | Horse Collar |
| 22:57 | Research | Double-Bit Axe |
| 24:59 | Research | Man-at-Arms (upgrade) |
| 25:07 | Build | Blacksmith |
| 25:46 | Create | Militia |
| 25:46 | Create | Militia |
| 25:50 | Research | Forging |
| 25:52 | Research | Scale Mail Armor |
| 26:16 | Build | Stone Wall |
Build order — dafr1997
145 actions detected in the replay
| 0:01 | Create | Villager (Male) |
| 0:01 | Create | Villager (Male) |
| 0:02 | Create | Villager (Male) |
| 0:02 | Create | Villager (Male) |
| 0:05 | Build | House |
| 0:09 | Build | House |
| 1:32 | Create | Villager (Male) |
| 1:51 | Build | Lumber Camp |
| 2:05 | Create | Villager (Male) |
| 2:23 | Create | Villager (Male) |
| 2:56 | Create | Villager (Male) |
| 3:02 | Research | Loom |
| 3:26 | Create | Villager (Male) |
| 3:44 | Build | House |
| 4:00 | Create | Villager (Male) |
| 4:15 | Create | Villager (Male) |
| 4:53 | Create | Villager (Male) |
| 5:07 | Build | Mill |
| 5:10 | Create | Villager (Male) |
| 5:45 | Create | Villager (Male) |
| 6:21 | Build | Dock |
| 6:24 | Create | Villager (Male) |
| 6:24 | Create | Villager (Male) |
| 6:54 | Create | Villager (Male) |
| 7:25 | Build | House |
| 7:38 | Create | Villager (Male) |
| 8:27 | Research | Feudal Age |
| 8:37 | Build | Lumber Camp |
| 8:55 | Build | Lumber Camp |
| 8:59 | Create | Villager (Male) |
| 9:11 | Build | Farm |
| 9:27 | Build | Farm |
| 9:58 | Build | House |
| 10:00 | Build | House |
| 10:45 | Age | Feudal Age |
| 10:51 | Build | Watch Tower |
| 10:56 | Create | Villager (Male) |
| 11:05 | Build | Mill |
| 11:11 | Create | Villager (Male) |
| 11:26 | Create | Villager (Male) |
| 11:36 | Build | Lumber Camp |
| 11:52 | Build | Farm |
| 11:55 | Create | Villager (Male) |
| 12:00 | Research | Double-Bit Axe |
| 12:25 | Create | Villager (Male) |
| 12:34 | Build | Farm |
| 12:38 | Create | Villager (Male) |
| 12:54 | Create | Fishing Ship |
| 12:55 | Create | Fishing Ship |
| 13:03 | Build | House |
| 13:05 | Build | House |
| 13:13 | Build | Farm |
| 13:19 | Create | Villager (Male) |
| 13:46 | Create | Fishing Ship |
| 13:53 | Create | Villager (Male) |
| 13:56 | Build | Farm |
| 14:01 | Build | Farm |
| 14:15 | Create | Villager (Male) |
| 14:32 | Build | Farm |
| 14:37 | Build | Mining Camp |
| 14:41 | Create | Villager (Male) |
| 14:55 | Build | Blacksmith |
| 14:58 | Build | Market |
| 15:05 | Create | Villager (Male) |
| 15:09 | Build | Mining Camp |
| 15:25 | Create | Villager (Male) |
| 15:49 | Research | Fletching |
| 15:57 | Create | Villager (Male) |
| 16:02 | Build | House |
| 16:06 | Build | House |
| 16:14 | Create | Villager (Male) |
| 16:46 | Create | Villager (Male) |
| 17:07 | Create | Villager (Male) |
| 17:16 | Build | Mill |
| 17:17 | Build | Farm |
| 17:18 | Build | Farm |
| 17:18 | Build | Farm |
| 17:19 | Build | Farm |
| 17:19 | Build | Farm |
| 17:19 | Build | Farm |
| 17:19 | Build | Farm |
| 17:20 | Build | Farm |
| 17:45 | Create | Villager (Male) |
| 18:15 | Create | Villager (Male) |
| 18:21 | Research | Castle Age |
| 18:23 | Research | Wheelbarrow |
| 18:40 | Build | Barracks |
| 19:03 | Research | Town Watch |
| 19:07 | Research | Gold Mining |
| 19:29 | Build | Stable |
| 19:45 | Build | Stable |
| 19:48 | Build | Stable |
| 20:00 | Research | Horse Collar |
| 20:29 | Research | Scale Barding Armor |
| 21:02 | Build | Stable |
| 21:13 | Research | Stone Mining |
| 21:20 | Age | Castle Age |
| 21:22 | Research | Bow Saw |
| 21:27 | Research | Heavy Plow |
| 21:32 | Research | Stone Shaft Mining |
| 21:38 | Build | House |
| 21:40 | Build | House |
| 21:42 | Build | House |
| 21:51 | Create | Villager (Male) |
| 22:01 | Create | Villager (Male) |
| 22:09 | Research | Bodkin Arrow |
| 22:27 | Create | Villager (Male) |
| 23:07 | Build | Castle |
| 23:28 | Research | Hand Cart |
| 23:47 | Build | Lumber Camp |
| 24:11 | Build | Fish Trap |
| 24:14 | Build | Fish Trap |
| 24:17 | Build | Fish Trap |
| 24:22 | Create | Villager (Male) |
| 24:27 | Create | Villager (Male) |
| 24:28 | Create | Villager (Male) |
| 24:31 | Create | Villager (Male) |
| 24:48 | Create | Rattan Archer |
| 24:53 | Research | Bloodlines |
| 24:54 | Research | Husbandry |
| 25:05 | Create | Villager (Male) |
| 25:23 | Create | Villager (Male) |
| 25:32 | Build | Castle |
| 25:47 | Create | Villager (Male) |
| 26:03 | Build | Mining Camp |
| 26:09 | Create | Battle Elephant |
| 26:10 | Create | Battle Elephant |
| 26:10 | Create | Battle Elephant |
| 26:25 | Create | Rattan Archer |
| 26:27 | Create | Rattan Archer |
| 26:34 | Research | Forging |
| 26:45 | Build | Town Center |
| 27:05 | Create | Villager (Male) |
| 27:05 | Create | Villager (Male) |
| 27:06 | Create | Villager (Male) |
| 27:12 | Create | Rattan Archer |
| 27:13 | Create | Rattan Archer |
| 27:17 | Create | Scout Cavalry |
| 27:18 | Create | Scout Cavalry |
| 27:18 | Create | Scout Cavalry |
| 27:31 | Create | Villager (Male) |
| 28:00 | Create | Villager (Male) |
| 28:27 | Build | Farm |
| 28:32 | Build | Farm |
| 28:58 | Create | Villager (Male) |
Build order — super
First 150 of 226 actions detected
| 0:07 | Build | House |
| 0:11 | Build | House |
| 0:20 | Create | Villager (Male) |
| 0:20 | Create | Villager (Male) |
| 0:20 | Create | Villager (Male) |
| 0:21 | Create | Villager (Male) |
| 0:21 | Create | Villager (Male) |
| 0:21 | Create | Villager (Male) |
| 2:04 | Build | Lumber Camp |
| 2:10 | Create | Villager (Male) |
| 2:10 | Create | Villager (Male) |
| 2:18 | Create | Villager (Male) |
| 2:18 | Create | Villager (Male) |
| 2:55 | Create | Villager (Male) |
| 2:55 | Create | Villager (Male) |
| 2:55 | Create | Villager (Male) |
| 3:36 | Create | Villager (Male) |
| 4:07 | Create | Villager (Male) |
| 4:07 | Create | Villager (Male) |
| 4:07 | Create | Villager (Male) |
| 4:08 | Create | Villager (Male) |
| 5:09 | Create | Villager (Male) |
| 5:10 | Create | Villager (Male) |
| 5:10 | Create | Villager (Male) |
| 5:34 | Create | Villager (Male) |
| 5:34 | Create | Villager (Male) |
| 5:43 | Build | House |
| 5:44 | Build | House |
| 5:56 | Research | Loom |
| 5:57 | Create | Villager (Male) |
| 5:57 | Create | Villager (Male) |
| 5:57 | Create | Villager (Male) |
| 6:41 | Create | Villager (Male) |
| 7:02 | Build | Mill |
| 7:13 | Create | Villager (Male) |
| 7:13 | Create | Villager (Male) |
| 7:13 | Create | Villager (Male) |
| 8:41 | Create | Villager (Male) |
| 8:54 | Build | Mining Camp |
| 9:13 | Build | Mill |
| 9:25 | Create | Villager (Male) |
| 9:43 | Build | Farm |
| 9:44 | Build | Farm |
| 9:48 | Create | Villager (Male) |
| 9:51 | Build | House |
| 10:04 | Create | Villager (Male) |
| 10:24 | Build | House |
| 10:28 | Create | Villager (Male) |
| 10:46 | Create | Villager (Male) |
| 10:59 | Build | Farm |
| 11:12 | Research | Feudal Age |
| 11:49 | Create | Villager (Male) |
| 11:50 | Create | Villager (Male) |
| 12:12 | Build | Farm |
| 13:02 | Build | Farm |
| 13:04 | Build | Farm |
| 13:05 | Build | Farm |
| 13:34 | Age | Feudal Age |
| 13:39 | Build | Market |
| 13:47 | Build | Blacksmith |
| 14:13 | Build | Lumber Camp |
| 14:36 | Research | Castle Age |
| 14:51 | Research | Double-Bit Axe |
| 14:56 | Create | Villager (Male) |
| 14:56 | Create | Villager (Male) |
| 14:56 | Create | Villager (Male) |
| 17:01 | Age | Castle Age |
| 17:11 | Build | Town Center |
| 17:28 | Build | Town Center |
| 17:39 | Build | House |
| 17:40 | Build | House |
| 17:52 | Create | Villager (Male) |
| 18:12 | Create | Villager (Male) |
| 18:41 | Create | Villager (Male) |
| 18:41 | Create | Villager (Male) |
| 18:41 | Create | Villager (Male) |
| 18:51 | Build | House |
| 18:54 | Create | Villager (Male) |
| 18:54 | Create | Villager (Male) |
| 18:59 | Build | Farm |
| 19:00 | Build | Farm |
| 19:02 | Build | Farm |
| 19:05 | Create | Villager (Male) |
| 19:06 | Create | Villager (Male) |
| 19:11 | Build | Farm |
| 19:12 | Build | Farm |
| 19:13 | Build | Farm |
| 19:15 | Build | Farm |
| 19:15 | Build | Farm |
| 19:26 | Build | Farm |
| 19:30 | Build | Farm |
| 19:37 | Create | Villager (Male) |
| 19:37 | Create | Villager (Male) |
| 19:37 | Create | Villager (Male) |
| 19:55 | Build | Farm |
| 20:02 | Create | Villager (Male) |
| 20:02 | Create | Villager (Male) |
| 20:02 | Create | Villager (Male) |
| 20:02 | Create | Villager (Male) |
| 20:14 | Build | Town Center |
| 20:23 | Create | Villager (Male) |
| 20:23 | Create | Villager (Male) |
| 20:23 | Create | Villager (Male) |
| 20:26 | Build | Farm |
| 20:34 | Build | Farm |
| 20:37 | Build | Farm |
| 20:46 | Build | Farm |
| 20:49 | Build | Farm |
| 20:58 | Build | House |
| 21:00 | Build | House |
| 21:12 | Create | Villager (Male) |
| 21:12 | Create | Villager (Male) |
| 21:12 | Create | Villager (Male) |
| 21:12 | Create | Villager (Male) |
| 21:12 | Create | Villager (Male) |
| 21:12 | Create | Villager (Male) |
| 21:13 | Create | Villager (Male) |
| 21:19 | Build | Farm |
| 21:20 | Build | Farm |
| 21:27 | Build | Farm |
| 21:35 | Create | Villager (Male) |
| 21:35 | Create | Villager (Male) |
| 21:36 | Create | Villager (Male) |
| 21:36 | Create | Villager (Male) |
| 21:42 | Create | Villager (Male) |
| 21:48 | Build | Farm |
| 21:56 | Build | Farm |
| 22:03 | Build | Farm |
| 22:04 | Build | Farm |
| 22:17 | Build | Farm |
| 22:18 | Build | Farm |
| 22:23 | Create | Villager (Male) |
| 22:23 | Create | Villager (Male) |
| 22:23 | Create | Villager (Male) |
| 22:23 | Create | Villager (Male) |
| 22:23 | Create | Villager (Male) |
| 22:23 | Create | Villager (Male) |
| 22:24 | Create | Villager (Male) |
| 22:24 | Create | Villager (Male) |
| 22:38 | Build | Monastery |
| 22:50 | Build | Farm |
| 22:51 | Build | Farm |
| 22:55 | Create | Villager (Male) |
| 22:55 | Create | Villager (Male) |
| 22:56 | Create | Villager (Male) |
| 22:56 | Create | Villager (Male) |
| 22:56 | Create | Villager (Male) |
| 22:56 | Create | Villager (Male) |
| 22:56 | Create | Villager (Male) |
| 23:00 | Build | Farm |
Build order — Luftwaffe
First 150 of 154 actions detected
| 0:10 | Build | House |
| 0:12 | Build | House |
| 0:14 | Create | Villager (Male) ×4 |
| 1:43 | Create | Villager (Male) |
| 1:43 | Create | Villager (Male) |
| 2:18 | Create | Villager (Male) |
| 2:18 | Create | Villager (Male) |
| 2:37 | Create | Villager (Male) |
| 3:23 | Create | Villager (Male) |
| 3:23 | Create | Villager (Male) |
| 3:56 | Create | Villager (Male) |
| 4:13 | Create | Villager (Male) |
| 4:22 | Build | House |
| 4:50 | Create | Villager (Male) |
| 4:50 | Create | Villager (Male) |
| 5:15 | Build | Lumber Camp |
| 5:26 | Build | Mill |
| 5:42 | Create | Villager (Male) |
| 5:49 | Create | Villager (Male) |
| 5:49 | Create | Villager (Male) |
| 6:05 | Create | Villager (Male) |
| 6:06 | Create | Villager (Male) |
| 6:41 | Build | House |
| 6:42 | Build | House |
| 6:44 | Build | House |
| 6:48 | Create | Villager (Male) |
| 6:49 | Create | Villager (Male) |
| 7:27 | Create | Villager (Male) |
| 7:28 | Create | Villager (Male) |
| 7:31 | Create | Villager (Male) |
| 7:32 | Create | Villager (Male) |
| 7:32 | Create | Villager (Male) |
| 8:02 | Create | Villager (Male) |
| 8:02 | Create | Villager (Male) |
| 8:32 | Create | Villager (Male) |
| 8:47 | Build | Farm |
| 8:48 | Build | Farm |
| 9:52 | Build | Mill |
| 10:14 | Research | Feudal Age |
| 10:20 | Create | Villager (Male) |
| 10:20 | Create | Villager (Male) |
| 11:00 | Build | Mining Camp |
| 11:05 | Research | Feudal Age |
| 11:52 | Create | Villager (Male) |
| 11:53 | Create | Villager (Male) |
| 12:49 | Build | Farm |
| 12:50 | Build | Farm |
| 12:51 | Build | Farm |
| 12:52 | Build | Farm |
| 12:59 | Build | Farm |
| 13:01 | Build | Farm |
| 13:23 | Age | Feudal Age |
| 13:28 | Research | Horse Collar |
| 13:53 | Research | Double-Bit Axe |
| 13:55 | Create | Villager (Male) |
| 14:05 | Build | Farm |
| 14:06 | Build | Farm |
| 14:07 | Build | Farm |
| 14:10 | Build | Farm |
| 14:11 | Build | Farm |
| 14:13 | Build | Farm |
| 14:17 | Build | Farm |
| 14:21 | Build | Farm |
| 14:24 | Create | Villager (Male) |
| 14:36 | Build | Mining Camp |
| 15:09 | Create | Villager (Male) |
| 15:12 | Create | Villager (Male) |
| 15:39 | Create | Villager (Male) |
| 15:49 | Build | House |
| 15:50 | Build | House |
| 15:51 | Build | House |
| 16:21 | Build | House |
| 16:21 | Build | Barracks |
| 16:33 | Build | Blacksmith |
| 16:36 | Create | Villager (Male) |
| 16:39 | Create | Villager (Male) |
| 17:13 | Create | Villager (Male) |
| 17:31 | Create | Villager (Male) |
| 17:32 | Create | Villager (Male) |
| 17:47 | Build | Market |
| 18:11 | Research | Stone Mining |
| 18:15 | Research | Gold Mining |
| 18:33 | Research | Wheelbarrow |
| 18:39 | Create | Villager (Male) |
| 18:40 | Research | Wheelbarrow |
| 18:57 | Build | Barracks |
| 19:08 | Build | House |
| 19:09 | Build | House |
| 19:10 | Build | House |
| 19:19 | Research | Scale Barding Armor |
| 19:23 | Research | Castle Age |
| 19:24 | Research | Wheelbarrow |
| 19:56 | Build | Stable |
| 20:00 | Build | Stable |
| 20:08 | Build | Stable |
| 20:20 | Research | Forging |
| 20:48 | Build | Stable |
| 22:03 | Age | Castle Age |
| 22:43 | Build | Town Center |
| 22:47 | Build | Lumber Camp |
| 22:53 | Research | Husbandry |
| 22:56 | Create | Knight ×5 |
| 22:56 | Create | Knight ×5 |
| 22:56 | Create | Knight ×3 |
| 23:14 | Build | Castle |
| 23:24 | Create | Villager (Male) |
| 23:24 | Create | Villager (Male) |
| 23:26 | Create | Villager (Male) |
| 23:29 | Create | Villager (Male) |
| 23:33 | Research | Hand Cart |
| 24:08 | Create | Villager (Male) |
| 24:11 | Create | Villager (Male) |
| 24:30 | Build | Siege Workshop |
| 25:00 | Create | Woad Raider ×5 |
| 25:02 | Create | Villager (Male) |
| 25:11 | Build | Lumber Camp |
| 25:15 | Create | Battering Ram |
| 25:22 | Create | Woad Raider |
| 25:32 | Create | Villager (Male) |
| 25:33 | Create | Villager (Male) |
| 25:35 | Create | Villager (Male) |
| 25:35 | Create | Villager (Male) |
| 25:38 | Build | Farm |
| 25:39 | Build | Farm |
| 25:41 | Build | Farm |
| 26:05 | Create | Woad Raider ×3 |
| 26:16 | Create | Woad Raider |
| 26:16 | Create | Woad Raider |
| 26:24 | Create | Battering Ram |
| 26:32 | Create | Woad Raider |
| 26:32 | Create | Woad Raider |
| 26:43 | Create | Woad Raider |
| 26:43 | Create | Woad Raider |
| 27:06 | Create | Woad Raider ×3 |
| 27:34 | Create | Woad Raider |
| 27:44 | Create | Battering Ram |
| 27:45 | Create | Villager (Male) |
| 27:46 | Create | Villager (Male) |
| 27:47 | Create | Villager (Male) |
| 27:49 | Build | Farm |
| 27:49 | Build | Farm |
| 27:52 | Build | Farm |
| 27:53 | Build | Farm |
| 27:54 | Build | Farm |
| 27:55 | Build | Farm |
| 27:56 | Build | Farm |
| 28:08 | Create | Woad Raider ×2 |
| 28:30 | Create | Villager (Male) |
| 28:34 | Research | Heavy Plow |
| 28:37 | Create | Villager (Male) |
Match timeline
| 1:24 | CONE · wall_segment Palisade Wall x7 |
| 1:29 | Silver · wall_segment Palisade Wall x9 |
| 2:15 | CONE · wall_segment Palisade Wall x14 |
| 3:04 | Mauroxtraceur · wall_segment Palisade Wall x7 |
| 3:05 | CONE · wall_segment Palisade Wall x8 |
| 3:08 | Friedeggplant · wall_segment Palisade Wall x9 |
| 3:26 | Friedeggplant · wall_segment Palisade Wall x10 |
| 4:08 | Friedeggplant · wall_segment Palisade Wall x4 |
| 5:45 | Friedeggplant · wall_segment Palisade Wall x6 |
| 5:48 | Friedeggplant · wall_segment Palisade Wall x7 |
| 5:56 | Friedeggplant · wall_segment Palisade Wall x4 |
| 6:21 | dafr1997 · first_building Dock |
| 6:31 | CONE · wall_segment Palisade Wall x9 |
| 6:44 | Friedeggplant · wall_segment Palisade Wall x8 |
| 6:53 | 神鬼戰士 · first_building Dock |
| 7:04 | Mauroxtraceur · wall_segment Palisade Wall x7 |
| 7:16 | Friedeggplant · wall_segment Palisade Wall x1 |
| 7:18 | Friedeggplant · wall_segment Palisade Wall x1 |
| 7:21 | Friedeggplant · wall_segment Palisade Wall x1 |
| 7:23 | Friedeggplant · wall_segment Palisade Wall x1 |
| 7:25 | Friedeggplant · wall_segment Palisade Wall x1 |
| 8:06 | CONE · first_building Dock |
| 8:12 | Mauroxtraceur · wall_segment Palisade Wall x14 |
| 8:25 | CONE · wall_segment Palisade Wall x6 |
| 8:38 | 神鬼戰士 · wall_segment Palisade Wall x4 |
| 8:48 | Mauroxtraceur · wall_segment Palisade Wall x8 |
| 9:36 | 神鬼戰士 · wall_segment Palisade Wall x9 |
| 9:48 | CONE · wall_segment Palisade Wall x8 |
| 10:45 | dafr1997 · age_up feudal |
| 11:10 | 神鬼戰士 · wall_segment Palisade Wall x18 |
| 12:08 | CONE · wall_segment Palisade Wall x1 |
| 12:53 | CONE · first_building Barracks |
| 13:23 | Luftwaffe · age_up feudal |
| 13:34 | super · age_up feudal |
| 14:08 | Mauroxtraceur · first_building Barracks |
| 14:20 | 神鬼戰士 · age_up feudal |
| 14:32 | CONE · age_up feudal |
| 14:37 | 神鬼戰士 · wall_segment Stone Wall x11 |
| 14:41 | CONE · first_building Archery Range |
| 15:43 | Silver · age_up feudal |
| 16:21 | Luftwaffe · first_building Barracks |
| 16:24 | Friedeggplant · first_building Barracks |
| 17:01 | super · age_up castle |
| 17:06 | Friedeggplant · age_up feudal |
| 17:14 | 神鬼戰士 · wall_segment Stone Wall x3 |
| 17:42 | Silver · first_building Barracks |
| 17:47 | Mauroxtraceur · age_up feudal |
| 18:15 | 神鬼戰士 · wall_segment Stone Wall x3 |
| 18:40 | dafr1997 · first_building Barracks |
| 18:54 | 神鬼戰士 · wall_segment Stone Wall x1 |
| 19:03 | Silver · first_building Stable |
| 19:29 | dafr1997 · first_building Stable |
| 19:56 | Luftwaffe · first_building Stable |
| 19:59 | 神鬼戰士 · age_up castle |
| 21:20 | dafr1997 · age_up castle |
| 21:35 | 神鬼戰士 · wall_segment Stone Wall x6 |
| 21:43 | CONE · age_up castle |
| 21:49 | CONE · first_building Castle |
| 22:03 | Luftwaffe · age_up castle |
| 22:15 | 神鬼戰士 · first_building Castle |
| 22:38 | super · first_building Monastery |
| 23:07 | dafr1997 · first_building Castle |
| 23:14 | Luftwaffe · first_building Castle |
| 23:28 | CONE · first_building Siege Workshop |
| 23:49 | Silver · age_up castle |
| 24:30 | Luftwaffe · first_building Siege Workshop |
| 24:35 | Silver · first_building Monastery |
| 25:11 | dafr1997 · first_market_buy 100 stone |
| 25:15 | dafr1997 · first_market_sell 100 wood |
| 25:35 | super · first_building Castle |
| 26:16 | Mauroxtraceur · wall_segment Stone Wall x9 |
| 26:49 | Silver · first_building Castle |
| 27:08 | 神鬼戰士 · first_building Siege Workshop |
| 27:44 | super · first_building Barracks |
| 27:48 | Friedeggplant · tribute_sent a jugador 2 |
| 27:48 | Friedeggplant · tribute_sent a jugador 3 |
| 27:48 | Friedeggplant · tribute_sent a jugador 4 |
| 27:48 | Friedeggplant · tribute_sent a jugador 5 |
| 27:48 | Friedeggplant · tribute_sent a jugador 6 |
| 27:48 | Friedeggplant · tribute_sent a jugador 7 |
| 27:48 | Friedeggplant · tribute_sent a jugador 8 |
| 28:07 | 神鬼戰士 · wall_segment Stone Wall x1 |
| 28:37 | super · first_building Archery Range |
| 29:03 | CONE · resign |
[ AI ANALYSIS · 1 CREDIT ]
What really happened in this match?
Wolo.gg analyzes every decision: build order, eco, micro, common mistakes by bracket. Personalized analysis on WhatsApp or Discord in 30 seconds.
Civ guide
Hindustanis
Perfil
Jugador #2761834